 Dungeon Crawl Stone Soup version 0.31-a0-177-g4aa6249778 (webtiles) character file.

Game seed: 6242558783480097041

228 qw the Shooter (level 6, -10/55 HPs)
             Began as a Naga Hunter on June 18, 2023.
             Mangled by a gnoll
             ... wielding a +0 halberd
              (15 damage)
             ... on level 2 of the Dungeon.
             The game lasted 00:00:31 (1441 turns).

qw the Shooter (Naga Hunter)                        Turns: 1441, Time: 00:00:31

Health: -10/55     AC:  3    Str: 19    XL:     6   Next: 2%
Magic:  6/6        EV:  9    Int:  9    God:
Gold:   23         SH:  0    Dex: 17    Spells: 5/5 levels left

rFire   . . .        Y - +0 shortbow
rCold   . . .        (shield currently unavailable)
rNeg    . . .        c - +0 leather armour
rPois   +            (no helmet)
rElec   .            (no cloak)
rCorr   .            (no gloves)
SInv    +            (no barding)
Will    .....        (no amulet)
Stlth   ++           h - +6 ring of strength
HPRegen 0.29/turn    (no ring)
MPRegen 0.10/turn

%: no passive effects
@: very slow
A: AC +2, large, see invisible, deformed body, poison resistance, slowness 2,
spit poison 1, naga tail 1
a: Spit Poison


You were on level 2 of the Dungeon.
You visited 1 branch of the dungeon, and saw 2 of its levels.

You collected 77 gold pieces.
You spent 54 gold pieces at shops.


Innate Abilities, Weirdness & Mutations

Your serpentine skin is tough. (AC +2)
You have supernaturally acute eyesight. (SInv)
Armour fits poorly on your strangely shaped body.
Your system is resistant to poisons. (rPois)
You cover ground very slowly.
You can spit poison.
You have a snake-like lower body.


   Skills:
 + Level 2.6 Fighting
 - Level 6.2 Ranged Weapons
 - Level 1.5 Dodging
 - Level 1.5 Stealth


You had 5 spell levels left.
You didn't know any spells.
Your spell library was empty.

Inventory:

Hand Weapons
 Y - a +0 shortbow (weapon)
Armour
 b - a +0 pair of gloves
 c - a +0 leather armour (worn)
Jewellery
 h - a +6 ring of strength (left hand)
Scrolls
 a - a scroll of immolation {unknown}
 e - a scroll of fear {unknown}
Potions
 d - a potion of mutation {unknown}
 f - a potion of curing {unknown}
 g - a potion of haste {unknown}
 i - a potion of enlightenment {unknown}
 j - a potion of lignification {unknown}

Dungeon Overview and Level Annotations

Branches:
Dungeon (2/15)

Altars:

Shops:
D:2 ==[(

Annotations:
D:2 2 transporters, exclusion: gnoll


Message History

You have got your breath back.
The gnoll barely misses you.
1433 ||| INVOKING Spit Poison.
Aiming: Spit Poison (1% risk of failure)
Press: ? - help, Shift-Dir - straight line, f/p - gnoll The splash of poison hits the gnoll.
The gnoll is lightly wounded.
The gnoll hits you from afar with a +0 halberd.
You shoot an arrow.
The arrow hits the gnoll but does no damage.
The gnoll barely misses you.
You shoot an arrow. The arrow hits the gnoll!
The gnoll is severely wounded.
You have got your breath back.
The gnoll hits you from afar with a +0 halberd!
1436 ||| INVOKING Spit Poison.
Aiming: Spit Poison (1% risk of failure)
Press: ? - help, Shift-Dir - straight line, f/p - gnoll The splash of poison misses the gnoll.
The gnoll closely misses you.
You shoot an arrow. The arrow barely misses the gnoll.
The gnoll hits you from afar with a +0 halberd! x2
Enter note:
Enter note:
Enter note:
Enter note:
Enter note:
Enter note:
1438 ||| UPGRADING to +0 pair of gloves.
You have got your breath back.
The gnoll hits you from afar with a +0 halberd!
Keep equipping yourself?
You start putting on your armour.
You continue putting on your +0 pair of gloves.
The gnoll hits you from afar with a +0 halberd.
You continue putting on your +0 pair of gloves.
The gnoll hits you from afar with a +0 halberd!
You continue putting on your +0 pair of gloves.
The gnoll hits you from afar with a +0 halberd!
You die...

## ###### #g .....#
.g .....# .# .....#
.# .....# ###g##
...<.###########@...#
###
..............(.....#
#..
.....###########....#
#.. .....##.# ###.##
#.. .....##.# .# #..
.....##.# .. #..
##.####.# ### #<. #.#
#..# #.. ##.# #..#
#.#


You could see a gnoll.

Vanquished Creatures
  Sigmund (D:2)
  An adder (D:2)
  2 gnolls (D:2)
  2 worms (D:2)
  A dart slug (D:2)
  4 bats
  3 endoplasms
  6 goblins
  3 hobgoblins
  4 kobolds
  A ball python (D:1)
  2 frilled lizards (D:1)
  7 rats
37 creatures vanquished.

Notes
Turn   | Place    | Note
-------+----------+-------------------------------------------
     0 | D:1      | qw the Naga Hunter began the quest for the Orb.
     0 | D:1      | Reached XP level 1. HP: 19/19 MP: 1/1
     0 | D:1      | 0 ||| qw: Version: 0.3-a-7-ge0c9b40
     0 | D:1      | 0 ||| qw: Game counter: 760
     0 | D:1      | 0 ||| qw: Always use a shield: true
     0 | D:1      | 0 ||| qw: God list: Okawaru
     0 | D:1      | 0 ||| qw: Allow faded altars: false
     0 | D:1      | 0 ||| qw: Do Orc after D:15 true
     0 | D:1      | 0 ||| qw: Do second Lair branch before Depths: true
     0 | D:1      | 0 ||| qw: Lair rune preference: random
     0 | D:1      | 0 ||| qw: Plans: Normal
     0 | D:1      | 0 ||| PLANNING D:1-11
    26 | D:1      | 26 ||| INVOKING Spit Poison.
    32 | D:1      | 32 ||| INVOKING Spit Poison.
    69 | D:1      | 69 ||| INVOKING Spit Poison.
    78 | D:1      | 78 ||| INVOKING Spit Poison.
    84 | D:1      | 84 ||| INVOKING Spit Poison.
    85 | D:1      | Reached skill level 4 in Ranged Weapons
    85 | D:1      | Reached XP level 2. HP: 22/26 MP: 2/2
   120 | D:1      | 120 ||| INVOKING Spit Poison.
   196 | D:1      | 196 ||| INVOKING Spit Poison.
   202 | D:1      | 202 ||| INVOKING Spit Poison.
   404 | D:1      | 404 ||| INVOKING Spit Poison.
   462 | D:1      | 462 ||| INVOKING Spit Poison.
   467 | D:1      | 467 ||| INVOKING Spit Poison.
   571 | D:1      | 571 ||| INVOKING Spit Poison.
   633 | D:1      | 633 ||| INVOKING Spit Poison.
   696 | D:1      | 696 ||| UPGRADING to +6 ring of strength.
   697 | D:1      | 697 ||| READING scroll labelled EZILOB MILUA.
   798 | D:1      | 798 ||| READING scroll labelled ASAOWE ZOIGYISS.
   799 | D:1      | 799 ||| READING scroll labelled MIADISTRA XOFAUNU.
   800 | D:1      | 800 ||| DROPPING scroll of butterflies.
   817 | D:2      | 817 ||| INVOKING Spit Poison.
   871 | D:2      | 871 ||| INVOKING Spit Poison.
   877 | D:2      | 877 ||| INVOKING Spit Poison.
   880 | D:2      | Reached XP level 3. HP: 23/32 MP: 3/3
   946 | D:2      | Found Ybyth's Jewellery Shop.
   949 | D:2      | 949 ||| SHOPLISTING +4 ring of protection (360 gold, have
                  | 54).
   949 | D:2      | 949 ||| SHOPLISTING +5 ring of evasion (360 gold, have 54).
   949 | D:2      | 949 ||| SHOPLISTING amulet of regeneration (300 gold, have
                  | 54).
   949 | D:2      | 949 ||| SHOPLISTING amulet of the acrobat (300 gold, have
                  | 54).
   949 | D:2      | 949 ||| SHOPLISTING ring of protection from cold (250 gold,
                  | have 54).
   951 | D:2      | 951 ||| INVOKING Spit Poison.
   957 | D:2      | 957 ||| INVOKING Spit Poison.
   999 | D:2      | Noticed Sigmund
  1002 | D:2      | 1002 ||| INVOKING Spit Poison.
  1006 | D:2      | 1006 ||| INVOKING Spit Poison.
  1014 | D:2      | 1014 ||| INVOKING Spit Poison.
  1014 | D:2      | Killed Sigmund
  1015 | D:2      | Reached skill level 6 in Ranged Weapons
  1015 | D:2      | Reached XP level 4. HP: 34/39 MP: 4/4
  1015 | D:2      | Reached XP level 5. HP: 39/45 MP: 5/5
  1023 | D:2      | 1023 ||| INVOKING Spit Poison.
  1072 | D:2      | Found Kufecs's Armour Shop.
  1075 | D:2      | 1075 ||| INVOKING Spit Poison.
  1080 | D:2      | 1080 ||| INVOKING Spit Poison.
  1088 | D:2      | 1088 ||| BUYING +0 pair of gloves (54 gold).
  1088 | D:2      | Bought a +0 pair of gloves for 54 gold pieces
  1088 | D:2      | 1088 ||| SHOPLISTING scarf "Zeqetyunakh" {rC+ rF+, rN+
                  | Will+} (561 gold, have 17).
  1089 | D:2      | Found Gaowit's Weapon Shoppe.
  1096 | D:2      | 1096 ||| INVOKING Spit Poison.
  1138 | D:2      | 1138 ||| INVOKING Spit Poison.
  1335 | D:2      | 1335 ||| INVOKING Spit Poison.
  1341 | D:2      | 1341 ||| INVOKING Spit Poison.
  1348 | D:2      | Found a transporter.
  1353 | D:2      | Found Vecvureb's Jewellery Shoppe.
  1376 | D:2      | Found a transporter.
  1425 | D:2      | 1425 ||| INVOKING Spit Poison.
  1426 | D:2      | 1426 ||| Stepping ~*~*~tactically~*~*~ (outnumbered).
  1428 | D:2      | 1428 ||| Stepping ~*~*~tactically~*~*~ (outnumbered).
  1430 | D:2      | 1430 ||| INVOKING Spit Poison.
  1432 | D:2      | Reached XP level 6. HP: 55/55 MP: 6/6
  1433 | D:2      | 1433 ||| INVOKING Spit Poison.
  1436 | D:2      | 1436 ||| INVOKING Spit Poison.
  1438 | D:2      | 1438 ||| UPGRADING to +0 pair of gloves.
  1440 | D:2      | HP: 5/55 [gnoll/+0 halberd (9)]
  1441 | D:2      | Mangled by a gnoll

Levels and vault maps discovered:
D:1:      minmay_arrival_glassed_features, layout_basic, chequers_mini_garden
D:2:      layout_rooms, serial_shops, nicolae_shop_drivethru, shop,
          nicolae_shop_behind_doors, shop, uniq_crazy_yiuf_cottage, uniq_sigmund

Skill      XL: |  1  2  3 |
---------------+----------+-----
Ranged Weapons | 4 6 |  6.2
Fighting       | |  2.6
Dodging        | |  1.5
Stealth        | |  1.5

Action                     |  1- 3 |  4- 6 || total
---------------------------+-------+-------++-------
   Fire: Shortbow          |    53 |    27 ||    80
Ability: Spit Poison       |    21 |    11 ||    32
    Use: Scroll            |     3 |       ||     3
 Armour: Leather armour    |     9 |     6 ||    15
  Dodge: Dodged            |    20 |    10 ||    30

Table legend:
 A = Non-vault XP
 B = Vault XP
 C = Vault XP percentage of total XP
 D = Non-vault monster count
 E = Vault monster count
 F = Vault count percentage of total count
                 A         B        C        D         E       F
            +---------+---------+-------+---------+---------+-------
      Total |     101 |     226 |  69.1 |      36 |       1 |   2.7
            +---------+---------+-------+---------+---------+-------
        D:1 |      29 |       0 |   0.0 |      18 |       0 |   0.0
        D:2 |      72 |     226 |  75.8 |      18 |       1 |   5.3
            +---------+---------+-------+---------+---------+-------
